 Dungeon Crawl Stone Soup version 0.15.2 (webtiles) character file.

105 HiobMontag the Ogre Mage (level 4, -1/40 HPs)
             Began as an Ogre Wizard on Dec 8, 2014.
             Succumbed to an adder's poison
             ... on Level 3 of the Dungeon.
             The game lasted 00:19:09 (3637 turns).

HiobMontag the Ogre Mage (Ogre Wizard)              Turns: 3637, Time: 00:19:09

HP  -1/40        AC  4     Str 12      XL: 4   Next: 83%
MP   0/13        EV 10     Int 18      God:
Gold 132         SH  0     Dex  8      Spells:  5 memorised,  4 levels left

rFire  . . .     SeeInvis .     e - +1 spear (venom)
rCold  . . .     Clarity  .     a - +0 robe
rNeg   . . .     rCorr    .     (shield restricted)
rPois  .         rRot     .     b - +0 hat
rElec  .         Spirit   .     f - +0 cloak
SustAb .         Warding  .     (gloves unavailable)
rMut   .         Stasis   .     (boots unavailable)
Gourm  .                        (no amulet)
MR     .....                    (no ring)
                                (no ring)

@: lethally poisoned, very slightly contaminated, repel missiles, not resistant
to hostile enchantments, very unstealthy
A: unfitting armour, tough skin 1
a: no special abilities


You were on level 3 of the Dungeon.
You were hungry.

You visited 1 branch of the dungeon, and saw 3 of its levels.

You collected 132 gold pieces.

Inventory:

Hand weapons
 e - a +1 spear of venom (weapon)
 g - a +0 club
Missiles
 i - 8 javelins (quivered)
Armour
 a - a +0 robe (worn)
 b - a +0 hat (worn)
 f - a +0 cloak (worn)
Comestibles
 d - 2 meat rations
 h - 2 bread rations
 j - a rotting chunk of adder flesh
 m - a beef jerky
Scrolls
 l - 2 scrolls of amnesia {unknown}
 n - 3 scrolls of teleportation {unknown}
 o - 3 scrolls of blinking {unknown}
 r - 2 scrolls of remove curse {unknown}
 s - 3 scrolls of random uselessness {unknown}
 v - a scroll of identify
Jewellery
 p - an uncursed ring of magical power {unknown}
Books
 c - a book of Minor Magic

   Spells                             Type                      Level
   *Magic Dart                        Conjuration                  1
   *Blink                             Translocation                2
   *Call Imp                          Summoning                    2
   *Repel Missiles                    Charms/Air                   2
   *Slow                              Hexes                        2
   Conjure Flame                      Conjuration/Fire             3
   Mephitic Cloud                     Conjuration/Poison/Air       3


   Skills:
 + Level 0.6 Fighting
 + Level 0.3 Maces & Flails
 + Level 2.5 Dodging
 + Level 1.7 Stealth
 + Level 5.0 Spellcasting
 + Level 1.3 Conjurations
 + Level 0.1 Charms
 + Level 0.7 Summonings
 + Level 0.7 Translocations


You had 4 spell levels left.
You knew the following spells:

 Your Spells              Type           Power        Failure   Level  Hunger
a - Magic Dart            Conj           #...         10%         1    None
b - Blink                 Tloc           N/A          17%         2    #......
c - Call Imp              Summ           #.......     17%         2    #......
d - Repel Missiles        Chrm/Air       #.....       21%         2    #......
e - Slow                  Hex            #.......     21%         2    #......


Dungeon Overview and Level Annotations

Branches:
Dungeon (3/15)

Altars:
Dithmenos


Innate Abilities, Weirdness & Mutations

You are too large for most types of armour.
You have tough skin (AC +1).


Message History

You are lethally poisoned!
It was a potion of poison.
* * * LOW HITPOINT WARNING * * *
You feel sick. The adder bites you.
* * * LOW HITPOINT WARNING * * *
You are more poisoned.
The adder poisons you! The adder bites you.
* * * LOW HITPOINT WARNING * * *
* * * LOW HITPOINT WARNING * * *
You feel very sick.
Casting: Magic Dart
Confirm with . or Enter, or press ? or * to list all spells.
Okay, then.
Casting: Magic Dart
Confirm with . or Enter, or press ? or * to list all spells.
Okay, then.
Sorry, you're not good enough to have a special ability.
* * * LOW HITPOINT WARNING * * *
You feel sick.
You die...

.........#.###.#.#########.#
.....#>................# #.#
.....#.###.###.#.#####.# #.#
###)##.........#.......# #.#
##.##.......########..# #.#
#........###########..###.# .
#.................##...##<###...
##.##............................
................@..##......###...
##.#(..............####.....# .
##.#............S...........#
.....................###....#
............####.............
........5...#.....(...###...##
.......(....#.........# #...#
##'#........#.........# .....
##.####.#####.........#.#....


You could see an adder.

Vanquished Creatures
  2 adders (D:2)
  2 worms (D:2)
  A giant gecko (D:2)
  9 bats
  2 giant cockroaches
  4 hobgoblins
  6 jackals
  10 kobolds
  3 ball pythons
  A giant newt (D:3)
  10 goblins
  7 rats
57 creatures vanquished.

Vanquished Creatures (collateral kills)
  2 adders
  A giant cockroach (D:2)
  A goblin (D:1)
  A rat (D:1)
5 creatures vanquished.

Grand Total: 62 creatures vanquished

Notes
Turn   | Place    | Note
--------------------------------------------------------------
     0 | D:1      | HiobMontag, the Ogre Wizard, began the quest for the Orb.
     0 | D:1      | Reached XP level 1. HP: 16/16 MP: 4/4
   516 | D:1      | Reached skill level 4 in Spellcasting
   516 | D:1      | Reached XP level 2. HP: 10/24 MP: 1/7
   679 | D:1      | Learned a level 2 spell: Blink
   682 | D:1      | Learned a level 2 spell: Call Imp
   685 | D:1      | Learned a level 2 spell: Repel Missiles
   688 | D:1      | Learned a level 2 spell: Slow
  1437 | D:1      | Reached XP level 3. HP: 18/32 MP: 1/9
  2441 | D:2      | Reached skill level 1 in Conjurations
  2592 | D:2      | Reached XP level 4. HP: 40/40 MP: 9/11
  3266 | D:3      | Found a shadowy altar of Dithmenos.
  3345 | D:3      | Reached skill level 5 in Spellcasting
  3636 | D:3      | HP: 1/40 [poisoned by an adder]
  3637 | D:3      | Succumbed to an adder's poison

Action                   |  1- 3 |  4- 6 || total
-------------------------+-------+-------++-------
Melee: Club              |    34 |       ||    34
       Unarmed           |     8 |       ||     8
       Spear             |    12 |    16 ||    28
Throw: Javelin           |     2 |       ||     2
 Cast: Magic Dart        |    93 |    46 ||   139
       Call Imp          |     7 |     7 ||    14
       Slow              |     3 |     3 ||     6
       Repel Missiles    |     1 |       ||     1
       Blink             |     1 |     7 ||     8
  Use: Scroll            |     2 |       ||     2
       Potion            |       |     4 ||     4
  Eat: Chunk             |     5 |     3 ||     8
